 Dungeon Crawl Stone Soup version 0.21.1-1-g345015f (webtiles) character file.

57 lotte the Magician (level 3, -8/19 HPs)
             Began as a Deep Elf Wizard on July 1, 2018.
             Killed from afar by a white imp (9 damage)
             ... with a puff of frost
             ... summoned by Natasha
             ... on level 2 of the Dungeon.
             The game lasted 00:04:52 (1039 turns).

lotte the Magician (Deep Elf Wizard)                Turns: 1039, Time: 00:04:53

Health: -8/19      AC:  2    Str:  4    XL:     3   Next: 73%
Magic:  9/12       EV: 13    Int: 23    God:
Gold:   47         SH:  0    Dex: 13    Spells: 11/14 levels left

rFire    . . .     SeeInvis .   l - +0 short sword
rCold    . . .     Gourm    .   (no shield)
rNeg     . . .     Faith    .   a - +0 robe
rPois    .         Spirit   .   b - +0 hat
rElec    .         Reflect  .   (no cloak)
rCorr    .         Harm     .   (no gloves)
MR       .....                  (no boots)
Stlth    +.........             (no amulet)
HPRegen  0.06/turn              n - ring of loudness (curse)
MPRegen  0.13/turn              (no ring)

@: no status effects
A: no striking features
a: no special abilities


You were on level 2 of the Dungeon.
You were not hungry.

You visited 1 branch of the dungeon, and saw 2 of its levels.

You collected 47 gold pieces.

Inventory:

Hand Weapons
 l - a +0 short sword (weapon)
Armour
 a - a +0 robe (worn)
 b - a +0 hat (worn)
Jewellery
 n - a cursed ring of loudness (left hand)
Scrolls
 g - a scroll of amnesia {unknown}
 j - 4 scrolls of identify {unknown}
 k - a scroll of blinking {unknown}
 o - a scroll of enchant armour {unknown}
Potions
 e - 2 potions of haste {unknown}
 f - 3 potions of heal wounds {unknown}
 h - a potion of berserk rage {unknown}
 i - a potion of might {unknown}
 m - a potion of agility {unknown}
Books
 c - a book of Minor Magic

   Spells                             Type                      Level
   a - Magic Dart                     Conjuration                  1
   b - Blink                          Translocation                2
   c - Call Imp                       Summoning                    2
   d - Slow                           Hexes                        2
   e - Conjure Flame                  Conjuration/Fire             3
   f - Mephitic Cloud                 Conjuration/Poison/Air       3
Comestibles
 d - 3 rations
 p - 2 chunks of flesh


   Skills:
 - Level 2.8 Dodging
 - Level 2.6 Stealth
 + Level 6.0 Spellcasting
 * Level 1.4 Conjurations
 + Level 1.3 Summonings
   Level 1.1 Translocations


You had 11 spell levels left.
You knew the following spells:

 Your Spells              Type           Power        Failure   Level  Hunger
a - Magic Dart            Conj           ##..         4%          1    None
b - Call Imp              Summ           ##......     7%          2    None


Dungeon Overview and Level Annotations

Branches:
Dungeon (2/15)

Altars:

Annotations:
D:2 Natasha


Message History

Your crimson imp closely misses the white imp.
Your crimson imp blinks!
The white imp misses you. The white imp misses your crimson imp.
Your crimson imp blinks!
Your crimson imp hits the white imp but does no damage.
The white imp hits you but does no damage.
The white imp gestures at you.
The puff of frost hits your crimson imp.
Your crimson imp is frozen!
Your crimson imp dies!
The white imp hits you. The white imp freezes you.
* * * LOW HITPOINT WARNING * * *
The shadow imp lashes its tail.
The white imp shouts, "Slither hence, thou euchred dread-bolted malt-worm!"
Your crimson imp barely misses the shadow imp.
The shadow imp hits you.
* * * LOW HITPOINT WARNING * * *
The white imp gestures at you. The puff of frost hits you!
You die...

..........#####.# ###.....
#.#......##.##.#######..##
...h....##.#......###..##
#.5##..##.#..###.#....## .
#..##†.##...............
...###......##...............
.......!##.h##........##..##.
..###....5.55..........#..# .
#..###5.@..#.###......... #..
#######............. ....
######........ #####
#....)...


You could see Natasha, 2 white imps, a shadow imp and a friendly crimson imp.

Vanquished Creatures
  A dart slug (D:2)
  2 leopard geckos (D:1)
  A hobgoblin (D:2)
  2 frilled lizards (D:1)
  3 kobolds (D:1)
  2 rats (D:1)
11 creatures vanquished.

Vanquished Creatures (collateral kills)
  Jessica (D:2)
  Natasha (D:2)
  2 adders (D:2)
  A worm (D:2)
  A hobgoblin (D:2)
6 creatures vanquished.

Grand Total: 17 creatures vanquished

Notes
Turn   | Place    | Note
-------+----------+-------------------------------------------
     0 | D:1      | lotte the Deep Elf Wizard began the quest for the Orb.
     0 | D:1      | Reached XP level 1. HP: 10/10 MP: 7/7
   386 | D:1      | Reached skill level 5 in Spellcasting
   488 | D:1      | Reached XP level 2. HP: 15/15 MP: 7/10
   492 | D:1      | Learned a level 2 spell: Call Imp
   680 | D:2      | Found a faded altar of an unknown god.
   744 | D:2      | Noticed Jessica
   754 | D:2      | Killed Jessica
   754 | D:2      | Reached XP level 3. HP: 19/19 MP: 2/12
   951 | D:2      | Noticed Natasha
   960 | D:2      | Killed Natasha
   980 | D:2      | Reached skill level 6 in Spellcasting
  1025 | D:2      | Noticed Natasha
  1039 | D:2      | Killed from afar by a white imp

Skill      XL: |  1  2  3 |
---------------+----------+-----
Spellcasting   | 5 6 |  6.0
Dodging        | |  2.8
Stealth        | |  2.6
Conjurations   | |  1.4
Summonings     | |  1.3
Translocations | |  1.1

Action                   || total
-------------------------++-------
 Cast: Magic Dart        ||    29
       Call Imp          ||    14
Armor: Robe              ||     1
Dodge: Dodged            ||     6
